Match 39238591
Unlisted

Match 39238591
End
Construct Barracks
Selects Advanced Infantry Battlegroup
Riflemen Squad
Riflemen Squad
Riflemen Squad
M1 Mortar Team
Selects Convert to Ranger Squad
Infantry Support Center
Construct Weapon Support Center
Selects Frontline Medical Station
Frontline Medical Station
Convert to Ranger Squad
M3 Armored Personnel Carrier
Advanced Logistics
M3 Armored Personnel Carrier
Engineer Squad
Selects Infantry Assault
Alar
Honey
khj
hentai
Eon
Skittles13
CorpoBear
SpearMan
0
0

Comments sign in to comment!

No comments posted yet!